 Dungeon Crawl Stone Soup version 0.22.1-1-ga44c0e56f4 (webtiles) character file.

8866 LLavrengius the Transmogrifier (level 11, -10/77 HPs)
             Began as an Octopode Transmuter on Nov 8, 2018.
             Was a Believer of Makhleb.
             Mangled by an eight-headed hydra (15 damage)
             ... on level 11 of the Dungeon.
             The game lasted 00:54:02 (12805 turns).

LLavrengius the Transmogrifier (OpTm)              Turns: 12805, Time: 00:54:03

Health: -10/77     AC:  5    Str: 14    XL:     11   Next: 37%
Magic:  8/14       EV: 23    Int: 17    God:    Makhleb [**....]
Gold:   652        SH:  0    Dex: 19    Spells: 1/14 levels left

rFire    . . .     SeeInvis +     - Unarmed
rCold    + + .     Gourm    .   (shield currently unavailable)
rNeg     . . .     Faith    .   (helmet currently unavailable)
rPois    .         Spirit   .   n - amulet of the acrobat
rElec    .         Reflect  .   g - +3 ring of protection
rCorr    .         Harm     .   f - ring of see invisible
MR       +....                  m - ring of protection from cold
Stlth    ++++......             (no ring)
HPRegen  0.22/turn              z - +3 ring of evasion
MPRegen  0.14/turn              F - +3 ring of strength
                                R - ring "Kazotala" {*Contam MR+ Int+3}
                                Q - ring "Ynwuez" {+Fly rPois rC+ Str+2 Int-4}

@: confusing touch, spider-form (expiring), very slightly contaminated
A: tiny, almost no armour, stealthy swim, (amphibious), 8 rings, (constrict 8)
a: End Transformation, Minor Destruction, Renounce Religion, Evoke Flight


You were on level 11 of the Dungeon.
You worshipped Makhleb.
Makhleb was pleased with you.
You were very hungry.
You were a venomous arachnid creature.
You visited 2 branches of the dungeon, and saw 12 of its levels.

You collected 652 gold pieces.

Inventory:

Hand Weapons
 H - a +1 hunting sling of velocity
 L - a +0 spear
Missiles
 a - 243 arrows
 l - 96 sling bullets
 s - 204 stones (quivered)
 K - 3 throwing nets
Jewellery
 f - a ring of see invisible (right front leg)
 g - a +3 ring of protection (left front leg)
 m - a ring of protection from cold (on tentacle)
 n - an amulet of the acrobat (around neck)
 z - a +3 ring of evasion (on tentacle)
 F - a +3 ring of strength (on tentacle)
 Q - the ring "Ynwuez" (on tentacle) {+Fly rPois rC+ Str+2 Int-4}
   (You took it off a centaur on level 8 of the Dungeon)

   [ring of poison resistance]

   It affects your strength (+2).
   It affects your intelligence (-4).
   It protects you from cold.
   It protects you from poison.
   It lets you fly.
 R - the ring "Kazotala" (on tentacle) {*Contam MR+ Int+3}
   (You found it on level 9 of the Dungeon)

   [ring of protection from magic]

   It affects your intelligence (+3).
   It affects your resistance to hostile enchantments.
   It causes magical contamination when unequipped.
 U - an uncursed ring of ice {unknown}
 W - a +6 amulet of reflection {unknown}
Wands
 u - a wand of flame (29)
 I - a wand of polymorph (7)
 J - a wand of enslavement (10)
 M - a wand of random effects (19)
 O - a wand of iceblast (6)
 V - a wand of disintegration (12)
Scrolls
 b - 8 scrolls of teleportation
 d - 2 scrolls of enchant armour {unknown}
 h - 2 scrolls of random uselessness {unknown}
 k - 6 scrolls of identify
 p - 2 scrolls of blinking {unknown}
 q - 3 scrolls of remove curse {unknown}
 v - 2 scrolls of amnesia {unknown}
 x - 2 scrolls of fear {unknown}
 y - a scroll of noise {unknown}
 A - 3 scrolls of magic mapping {unknown}
 D - a scroll of immolation {unknown}
 E - a scroll of fog {unknown}
 T - a scroll of brand weapon {unknown}
Potions
 e - a potion of berserk rage
 i - a potion of ambrosia
 j - a potion of haste {unknown}
 o - a potion of cancellation {unknown}
 r - 2 potions of heal wounds {unknown}
 t - a potion of agility {unknown}
 w - 2 potions of might {unknown}
 B - 2 potions of curing {unknown}
 C - 4 potions of degeneration {unknown}
 G - a potion of flight {unknown}
 N - a potion of resistance {unknown}
 P - 2 potions of mutation {unknown}
 S - a potion of brilliance {unknown}
Comestibles
 c - 15 rations


   Skills:
 + Level 8.1 Fighting
 - Level 4.0 Slings
 - Level 2.0 Dodging
 - Level 8.0 Stealth
 + Level 8.7 Unarmed Combat
 + Level 2.0 Spellcasting
 + Level 3.5 Hexes
 * Level 9.7 Transmutations
 + Level 0.0 Ice Magic
 + Level 4.6 Invocations


You had one spell level left.
You knew the following spells:

 Your Spells              Type           Power        Failure   Level  Hunger
a - Beastly Appendage     Tmut           ####..       3%          1    #......
b - Sticks to Snakes      Tmut           ####....     3%          2    ###....
c - Spider Form           Tmut/Pois      ###.......   21%         3    ###....
d - Confusing Touch       Hex            ##....       14%         1    #......
e - Passwall              Tmut/Erth      ###.....     13%         2    ###....
f - Ice Form              Ice/Tmut       ###.....     47%         4    #####..

Your spell library contained the following spells:

 Spells                   Type           Power        Failure   Level  Hunger
 Animate Skeleton         Necr           N/A          38%         1    #......
 Apportation              Tloc           #.....       38%         1    #......
 Freeze                   Ice            #...         38%         1    #......
 Pain                     Necr           #...         38%         1    #......
 Sandblast                Erth           #.....       38%         1    #......
 Summon Small Mammal      Summ           #...         38%         1    #......
 Blade Hands              Tmut           ####......   24%         5    ######.
 Petrify                  Tmut/Erth      ###.....     47%         4    #####..
 Throw Frost              Conj/Ice       #.....       50%         2    ###....
 Ozocubu's Armour         Chrm/Ice       #.......     71%         3    ###....
 Regeneration             Chrm/Necr      #.........   71%         3    ###....
 Stone Arrow              Conj/Erth      #.....       71%         3    ###....
 Vampiric Draining        Necr           #.........   71%         3    ###....
 Animate Dead             Necr           N/A          96%         4    #####..
 Summon Ice Beast         Ice/Summ       #.......     96%         4    #####..
 Throw Icicle             Conj/Ice       #.......     96%         4    #####..
 Lee's Rapid Deconstruct  Erth           #.........   100%        5    ######.


Dungeon Overview and Level Annotations

Branches:
Dungeon (11/15)            Temple (1/1) D:7            Lair (0/6) D:10
    Orc: D:9-12

Altars:
Ashenzari
Cheibriados
Dithmenos
Elyvilon
Fedhas
Gozag
Hepliaklqana
Kikubaaqudgha
Makhleb
Nemelex Xobeh
Okawaru
Qazlal
Ru
Sif Muna
Trog
Uskayaw
Vehumet
Wu Jian
Xom
Yredelemnul
Zin
The Shining One
Jiyva

Shops:
D:4 (   D:5 [


Innate Abilities, Weirdness & Mutations

You cannot wear most types of armour.
You are very stealthy in the water. (Stealth+)
((You are amphibious.))
You can wear up to eight rings at the same time.
((You can use your tentacles to constrict eight enemies at once.))
((Your skin changes colour to match your surroundings (Stealth+).))
((Your rubbery body absorbs attacks. (AC +1, EV +1)))


Message History

The eight-headed hydra barely misses you.
The eight-headed hydra bites you.
The eight-headed hydra bites you but does no damage.
Unknown command.
You hit the eight-headed hydra but do no damage.
A hungry ghost comes into view.
The eight-headed hydra misses you.
The eight-headed hydra closely misses you.
The eight-headed hydra misses you. x2
The eight-headed hydra bites you but does no damage.
The eight-headed hydra misses you. The eight-headed hydra bites you.
The eight-headed hydra bites you!
* * * LOW HITPOINT WARNING * * *
You hit the eight-headed hydra but do no damage.
You are too injured to fight recklessly!
You hit the eight-headed hydra but do no damage.
The eight-headed hydra bites you!
* * * LOW HITPOINT WARNING * * *
The eight-headed hydra bites you!
You die...

#.# ### #.# #.# ..####.#
#.# .......##### #.# #
#W##.......###.### #.
#.##.............. # #.#
#.##.......###.# #
.....#D##...........###
#.#.#.#s##.$.....###....
..................##....
..#.#...##........#.....
........########..#.....
.#####..# #..#...<. #..#
#........ #... ##.#.....
#.## #.#..... #. #
#<....


You could see an eight-headed hydra and a hungry ghost.

Vanquished Creatures
  A centaur skeleton (D:10)
  2 hippogriffs
  A spriggan (D:7)
  16 yaks
  2 wyverns
  A hungry ghost (D:10)
  3 porcupines
  A water moccasin (D:8)
  An orc warrior (D:7)
  A hornet zombie (D:6)
  3 ice beasts
  A black bear (D:8)
  A necrophage (D:8)
  An eye of draining (D:9)
  6 ogres
  8 centaurs
  3 crocodiles
  8 bullfrogs
  Blork the orc (D:5)
  A gnoll sergeant (D:8)
  A wyvern zombie (D:9)
  2 scorpions
  7 killer bees
  4 wights (D:6)
  5 howler monkeys
  2 crimson imps
  6 hounds
  2 quasits (D:9)
  2 bullfrog zombies
  5 orc wizards
  3 jellies
  5 orc priests
  3 iron imps (D:5)
  Jessica (D:2)
  2 iguanas
  9 worker ants
  A killer bee zombie (D:8)
  3 hound skeletons
  A howler monkey zombie (D:8)
  A worker ant zombie (D:8)
  6 gnolls
  16 adders
  4 shadow imps
  An ooze (D:4)
  2 adder zombies
  An adder skeleton (D:6)
  3 worms
  2 dart slugs
  3 leopard geckos
  44 orcs
  10 bats
  6 giant cockroaches
  5 goblins
  7 hobgoblins
  9 jackals
  7 kobolds
  6 quokkas
  A ball python (D:2)
  5 frilled lizards
  A jackal zombie (D:5)
  A quokka zombie (D:7)
  11 rats
278 creatures vanquished.

Notes
Turn   | Place    | Note
-------+----------+-------------------------------------------
     0 | D:1      | LLavrengius the Octopode Transmuter began the quest for the
                  | Orb.
     0 | D:1      | Reached XP level 1. HP: 13/13 MP: 3/3
    35 | D:1      | Reached XP level 2. HP: 4/18 MP: 5/5
    39 | D:1      | Learned a level 2 spell: Sticks to Snakes
   490 | D:1      | Reached XP level 3. HP: 23/23 MP: 6/6
   734 | D:2      | Reached skill level 3 in Transmutations
   916 | D:2      | Noticed Jessica
   932 | D:2      | Reached XP level 4. HP: 29/29 MP: 5/7
  1296 | D:2      | Reached XP level 5. HP: 17/35 MP: 8/8
  1464 | D:2      | Killed Jessica
  1464 | D:2      | Reached skill level 4 in Transmutations
  2643 | D:3      | Reached XP level 6. HP: 31/41 MP: 7/9
  2720 | D:3      | Found a blossoming altar of Fedhas.
  2720 | D:3      | Found a bloodstained altar of Trog.
  2721 | D:3      | Found a hazy altar of Hepliaklqana.
  2766 | D:3      | Learned a level 3 spell: Spider Form
  3169 | D:3      | Found a stormy altar of Qazlal.
  3253 | D:4      | Reached skill level 5 in Transmutations
  3268 | D:4      | Reached XP level 7. HP: 46/46 MP: 3/10
  3423 | D:4      | Found an opulent altar of Gozag.
  3514 | D:4      | Reached skill level 1 in Stealth
  3554 | D:4      | Found Efacluc's Weapon Shop.
  3884 | D:5      | Entered Level 5 of the Dungeon
  3899 | D:5      | Found Ehostrayl's Antique Armour Shoppe.
  3909 | D:5      | Reached skill level 5 in Unarmed Combat
  3909 | D:5      | Reached skill level 6 in Transmutations
  4107 | D:5      | Learned a level 1 spell: Confusing Touch
  4112 | D:5      | Found a snail-covered altar of Cheibriados.
  4284 | D:5      | Noticed Blork the orc
  4298 | D:5      | Killed Blork the orc
  4298 | D:5      | Reached skill level 1 in Hexes
  4298 | D:5      | Reached XP level 8. HP: 54/54 MP: 5/11
  4532 | D:5      | Found a burning altar of Makhleb.
  4613 | D:6      | Found a radiant altar of Vehumet.
  4784 | D:6      | Found an ornate altar of the Wu Jian Council.
  5303 | D:6      | Reached skill level 5 in Fighting
  5396 | D:6      | Found an ancient bone altar of Kikubaaqudgha.
  5417 | D:6      | Reached skill level 5 in Stealth
  5784 | D:6      | Reached XP level 9. HP: 61/61 MP: 12/12
  6027 | D:6      | Found a glowing silver altar of Zin.
  6416 | D:7      | Found a staircase to the Ecumenical Temple.
  6445 | Temple   | Entered the Ecumenical Temple
  8064 | D:5      | Became a worshipper of Makhleb the Destroyer
  8238 | D:8      | Reached skill level 1 in Slings
  8335 | D:8      | Reached skill level 7 in Transmutations
  8394 | D:8      | Found a sparkling altar of Nemelex Xobeh.
  8532 | D:8      | Reached XP level 10. HP: 59/69 MP: 7/13
  8595 | D:8      | Reached * piety under Makhleb
  8717 | D:8      | Got a scintillating turquoise ring
  8854 | D:8      | Reached skill level 1 in Invocations
  9398 | D:9      | Found a hide-covered altar of Uskayaw.
  9487 | D:9      | Learned a level 2 spell: Passwall
 10002 | D:9      | Reached skill level 8 in Transmutations
 10022 | D:9      | Got a steaming amber ring
 10321 | D:9      | Found a snail-covered altar of Cheibriados.
 10659 | D:9      | Identified the ring "Ynwuez" {+Fly rPois rC+ Str+2 Int-4}
                  | (You took it off a centaur on level 8 of the Dungeon)
 10660 | D:9      | Identified the ring "Kazotala" {*Contam MR+ Int+3} (You
                  | found it on level 9 of the Dungeon)
 10679 | D:10     | Entered Level 10 of the Dungeon
 10785 | D:10     | Found a staircase to the Lair.
 11411 | D:10     | Reached skill level 9 in Transmutations
 11411 | D:10     | Reached XP level 11. HP: 70/76 MP: 12/14
 11675 | D:10     | Reached ** piety under Makhleb
 12637 | D:10     | Learned a level 4 spell: Ice Form
 12794 | D:11     | Noticed an eight-headed hydra
 12805 | D:11     | Mangled by an eight-headed hydra

Skill      XL: |  1  2  3  4  5  6  7  8  9 10 11 |
---------------+----------------------------------+-----
Transmutations | 3 4 5 6 7 9 |  9.7
Fighting       | 2 3 4 5 6 7 8 |  8.1
Unarmed Combat | 4 5 6 7 8 |  8.7
Stealth        | 2 5 7 8 |  8.0
Hexes          | 1 2 3 |  3.5
Slings         | 2 4 |  4.0
Invocations    | 3 4 |  4.6
Dodging        | |  2.0
Spellcasting   | |  2.0

Action                   |  1- 3 |  4- 6 |  7- 9 | 10-12 || total
-------------------------+-------+-------+-------+-------++-------
Melee: Unarmed           |    73 |   144 |   364 |   349 ||   930
       Constrict         |    20 |    44 |    59 |    20 ||   143
       Tentacles         |    15 |    21 |    55 |    42 ||   133
       Kick              |       |    21 |    11 |       ||    32
       Punch             |       |     3 |    14 |    10 ||    27
 Fire: Hunting sling     |       |       |    39 |    28 ||    67
 Cast: Beastly Appendage |     1 |    10 |     9 |       ||    20
       Spider Form       |       |     2 |    17 |    20 ||    39
       Sticks to Snakes  |       |     2 |       |       ||     2
       Confusing Touch   |       |       |     3 |    31 ||    34
  Use: Potion            |       |     2 |       |       ||     2
       Scroll            |       |     1 |     1 |     3 ||     5
 Stab: Sleeping          |     2 |     6 |    17 |     5 ||    30
       Confused          |       |       |     3 |    27 ||    30
       Distracted        |       |       |       |     1 ||     1
  Eat: Chunk             |       |     8 |    16 |    13 ||    37
       Ration            |       |       |     2 |       ||     2
Armor: Skin              |    17 |    29 |    33 |    26 ||   105
Dodge: Dodged            |    46 |    87 |   254 |   217 ||   604
